 Dungeon Crawl Stone Soup version 0.21-a0-260-g9b2435e (console) character file.

337 Mandevil the Poker (level 6, -12/84 HPs)
             Began as a Naga Monk on Sept 7, 2017.
             Was a Believer of Cheibriados.
             Mangled by an ogre
             ... wielding a +0 giant spiked club
              (17 damage)
             ... on level 4 of the Dungeon.
             The game lasted 00:12:35 (3080 turns).

Mandevil the Poker (Naga Monk)                      Turns: 3080, Time: 00:12:37

Health: -12/84     AC: 23    Str: 19    XL:     6   Next: 54%
Magic:  6/6        EV:  1    Int: 14    God:    Cheibriados [**....]
Gold:   151        SH:  0    Dex: 18    Spells: 5/5 levels left

rFire    . . .     SeeInvis +   h - +0 dagger (elec)
rCold    . . .     Gourm    .   (no shield)
rNeg     + + +     Faith    .   (armour currently unavailable)
rPois    +         Spirit   .   (helmet currently unavailable)
rElec    .         Reflect  .   (cloak currently unavailable)
rCorr    .         Harm     .   (gloves currently unavailable)
MR       .....     NoTele   +   (no barding)
Stlth    +++.......             (no amulet)
HPRegen  0.24/turn              (no ring)
MPRegen  0.10/turn              (no ring)

@: lethally poisoned (-12 -> -13), tree-form, very slow
A: see invisible, slow metabolism 1, spit poison 1, AC +2
a: Spit Poison, Bend Time, Renounce Religion


You were on level 4 of the Dungeon.
You worshipped Cheibriados.
Cheibriados was pleased with you.
You were hungry.
You were a tree.
You visited 1 branch of the dungeon, and saw 4 of its levels.

You collected 151 gold pieces.

Inventory:

Hand Weapons
 a - a +0 spear
 h - a +0 dagger of electrocution (weapon)
Missiles
 e - 15 poisoned needles
 i - 37 bolts
 l - 41 arrows
 n - 55 sling bullets
 s - 132 stones (quivered)
Armour
 g - a +3 chain mail of poison resistance (melded)
 j - a +0 helmet (melded)
 p - a +0 helmet
Scrolls
 d - 2 scrolls of recharging {unknown}
 q - a scroll of enchant armour {unknown}
 t - a scroll of fog
 u - 4 scrolls of teleportation {unknown}
Potions
 b - a potion of flight
Comestibles
 c - 3 bread rations
 k - a royal jelly
 m - 8 fruits


   Skills:
 + Level 3.3 Fighting
 * Level 6.1 Polearms
 - Level 2.4 Dodging
 - Level 5.4 Stealth
 + Level 1.2 Invocations


You had 5 spell levels left.
You didn't know any spells.

Dungeon Overview and Level Annotations

Branches:
Dungeon (4/15)
 Temple: D:4-7

Altars:
Cheibriados
Dithmenos
Sif Muna
Uskayaw

Annotations:
D:4 sergedm's ghost, novice DEEE


Innate Abilities, Weirdness & Mutations

You cannot wear boots.
((Your serpentine skin is tough. (AC +2)))
You have supernaturally acute eyesight. (SInv)
((Armour fits poorly on your strangely shaped body.))
((Your system is resistant to poisons. (rPois)))
((You cover ground very slowly.))
You have a slow metabolism.
You can spit poison.


Message History

Unknown command.
Okay, then.
Unknown command.
It was a potion of lignification.
You turn into a tree.
Your +0 helmet melds into your body.
Your +3 chain mail of poison resistance melds into your body.
Your roots penetrate the ground.
The adder bites you but does no damage. x2
The ogre completely misses you.
You hit the ogre but do no damage.
The ogre is lightly wounded.
The adder bites you but does no damage.
You barely miss the ogre.
The ogre is moderately wounded.
You have got your breath back.
The adder bites you but does no damage. The ogre hits you but does no damage.
You closely miss the ogre.
The ogre is lightly wounded.
The adder bites you but does no damage.
The ogre hits you with a giant spiked club!
You die...

......................>.
##.#.######......#.....
#.#...<.............###
#....########..#.......
#..... #####...!.# ..
#....... #........##....
.77.77......#####........
. 7~ 7... ##.##...P. .~
###. #7O# .77~ 77~ ..
#S.....~.7 ......777~~
..#......~ ... ......~~~
7. ....#..P~~~. 7
..##.###..P.. #.. ..
##...


You could see an ogre and an adder.

Vanquished Creatures
  A phantom (D:4)
  A centaur (D:3)
  A hound (D:4)
  Terence (D:2)
  5 adders
  A worm (D:2)
  A dart slug (D:3)
  6 leopard geckos
  An orc (D:3)
  3 giant cockroaches
  7 goblins
  7 hobgoblins
  8 kobolds
  2 quokkas
  2 ball pythons
  6 bats
  3 frilled lizards
  9 rats
65 creatures vanquished.

Vanquished Creatures (others)
  A shadow imp (D:4)
  2 worms (D:4)
  2 orcs (D:4)
  A giant cockroach (D:4)
  A frilled lizard (D:4)
7 creatures vanquished.

Grand Total: 72 creatures vanquished

Notes
Turn   | Place    | Note
-------+----------+-------------------------------------------
     0 | D:1      | Mandevil the Naga Monk began the quest for the Orb.
     0 | D:1      | Reached XP level 1. HP: 21/21 MP: 1/1
   119 | D:1      | Reached XP level 2. HP: 28/28 MP: 2/2
   774 | D:2      | Noticed Terence
   798 | D:2      | Killed Terence
   798 | D:2      | Reached skill level 4 in Polearms
   798 | D:2      | Reached XP level 3. HP: 21/34 MP: 3/3
   845 | D:2      | Found a deep blue altar of Sif Muna.
   852 | D:2      | Reached XP level 4. HP: 12/42 MP: 4/4
  1767 | D:3      | Reached skill level 5 in Polearms
  1869 | D:3      | Reached XP level 5. HP: 49/49 MP: 5/5
  2150 | D:3      | Noticed a centaur
  2163 | D:3      | Killed a centaur
  2163 | D:3      | Reached skill level 5 in Stealth
  2445 | D:3      | Found a hide-covered altar of Uskayaw.
  2445 | D:3      | Found a faded altar of an unknown god.
  2456 | D:3      | Found a faded altar of an unknown god.
  2458 | D:3      | Found a shadowy altar of Dithmenos.
  2470 | D:3      | Found a snail-covered altar of Cheibriados.
  2473 | D:3      | Became a worshipper of Cheibriados the Contemplative
  2473 | D:3      | Reached * piety under Cheibriados
  2473 | D:3      | Reached ** piety under Cheibriados
  2755 | D:4      | Noticed a phantom
  2793 | D:4      | Reached XP level 6. HP: 23/56 MP: 6/6
  2803 | D:4      | Killed a phantom
  2803 | D:4      | Reached skill level 6 in Polearms
  2803 | D:4      | Reached skill level 1 in Invocations
  3000 | D:4      | Noticed sergedm's ghost (novice DEEE)
  3080 | D:4      | Mangled by an ogre

Vault maps used:
D:1:      minmay_arrival_diagonal_passages
D:2:      marbit_many_paths, kennysheep_generic_room_16, uniq_terence
D:3:      chequers_temple_overflow_minitemple, first_bread
D:4:      kennysheep_mini_moat, serial_shops, kennysheep_little_box, shop,
          serial_bayou, serial_bayou_pond_d, serial_bayou_pond_a,
          serial_bayou_crossing, serial_bayou_pond_a, xom_confusion_cloud

Skill      XL: |  1  2  3  4  5  6 |
---------------+-------------------+-----
Polearms       | 4 5 6 |  6.1
Stealth        | 4 5 |  5.4
Invocations    | 1 |  1.2
Fighting       | |  3.3
Dodging        | |  2.4

Action                   |  1- 3 |  4- 6 || total
-------------------------+-------+-------++-------
Melee: Spear             |    69 |   218 ||   287
       Dagger            |       |    10 ||    10
Throw: Stone             |       |    16 ||    16
 Abil: Spit Poison       |     6 |     8 ||    14
  Use: Potion            |     3 |     3 ||     6
       Scroll            |       |     3 ||     3
 Stab: Sleeping          |     5 |       ||     5
       Invisible         |     2 |       ||     2
  Eat: Chunk             |       |     5 ||     5
Armor: Robe              |     9 |       ||     9
       Chain mail        |    24 |   132 ||   156
       Skin              |       |     6 ||     6
Dodge: Dodged            |    26 |    46 ||    72

Table legend:
 A = Spawn XP
 B = Non-spawn XP
 C = Spawn XP percentage of total XP
 D = Spawn monster count
 E = Non-spawn monster count
 F = Spawn count percentage of total count
 G = Total turns spent on level
                    A         B        C        D         E        F      G
               +---------+---------+-------+---------+---------+-------+---------
         Total |       0 |     482 |   0.0 |       0 |      65 |   0.0 |  3080
               +---------+---------+-------+---------+---------+-------+---------
           D:1 |       0 |      23 |   0.0 |       0 |      14 |   0.0 |   774
           D:2 |       0 |     126 |   0.0 |       0 |      24 |   0.0 |   919
           D:3 |       0 |     166 |   0.0 |       0 |      25 |   0.0 |  1058
           D:4 |       0 |     167 |   0.0 |       0 |       2 |   0.0 |   329
               +---------+---------+-------+---------+---------+-------+---------
